 Dungeon Sprint DCSS version 0.17-a0-1646-geb1493d (webtiles) character file.

9856 Kidiri the Unseen (level 11, -2/47 HPs)
             Began as a Spriggan Enchanter on Aug 10, 2015.
             Was the Champion of Dithmenos.
             Slain by a death yak (28 damage)
             ... in the Dungeon (Sprint VII: "The Pits").
             The game lasted 00:18:06 (2218 turns).

Kidiri the Unseen (Spriggan Enchanter)              Turns: 2218, Time: 00:18:06

Health: -2/47      AC:  7    Str:  4    XL:     11   Next: 28%
Magic:  5/30       EV: 36    Int: 19    God:    Dithmenos [******]
Gold:   0          SH:  0    Dex: 18    Spells: 5 memorised, 26 levels left

rFire  . . .     SeeInvis +     a - +2 dagger (elec)
rCold  . . .     Clarity  .     b - +1 robe
rNeg   . . .     SustAt   .     (shield restricted)
rPois  .         Gourm    .     (helmet restricted)
rElec  .         Spirit   .     t - +0 cloak
rCorr  .         Warding  .     (gloves unavailable)
rMut   .         NoTele   +     (boots unavailable)
MR     +....                    (no amulet)
Stlth  ++++++++++               q - +3 ring of protection
                                p - +3 ring of evasion

@: mesmerised, wreathed by umbra, very quick, somewhat resistant to hostile
enchantments, uncannily stealthy
A: unfitting armour, see invisible, herbivore 3, speed 3, slow metabolism 2
a: Shadow Step, Shadow Form, Renounce Religion


You were in the Dungeon.
You worshipped Dithmenos.
Dithmenos was exalted by your worship.
You were not hungry.

You visited 1 branch

Inventory:

Hand weapons
 a - a +2 dagger of electrocution (weapon)
Armour
 b - a +1 robe (worn)
 t - a +0 cloak (worn)
Jewellery
 p - a +3 ring of evasion (left hand)
 q - a +3 ring of protection (right hand)
Scrolls
 j - a scroll of blinking
 m - 3 scrolls of remove curse
 n - 5 scrolls of amnesia
 o - a scroll of summoning
Potions
 e - 9 potions of curing
 f - 10 potions of heal wounds
 g - 2 potions of haste
 h - 2 potions of magic
 i - 3 potions of berserk rage
 l - 2 potions of invisibility
 r - a potion of brilliance
 s - a potion of cure mutation
Books
 c - a book of Maledictions

   Spells                             Type                      Level
   a - Corona                         Hexes                        1
   b - Ensorcelled Hibernation        Hexes/Ice                    2
   c - Confuse                        Hexes                        3
   d - Tukima's Dance                 Hexes                        3
   e - Dazzling Spray                 Conjuration/Hexes            3
Comestibles
 d - 8 bread rations
 k - 40 fruits


   Skills:
 + Level 9.4 Short Blades
 * Level 16.8 Dodging
 * Level 17.9 Stealth
 * Level 14.2 Spellcasting
 + Level 6.1 Conjurations
 + Level 11.0 Hexes
 + Level 7.1 Ice Magic
 + Level 8.6 Invocations


You had 26 spell levels left.
You knew the following spells:

 Your Spells              Type           Power        Failure   Level  Hunger
a - Corona                Hex            ######.      1%          1    None
b - Ensorcelled Hibernat  Hex/Ice        #####.       1%          2    None
c - Confuse               Hex            ######..     1%          3    None
d - Tukima's Dance        Hex            ######..     1%          3    None
e - Dazzling Spray        Conj/Hex       #####...     1%          3    None


Dungeon Overview and Level Annotations

Branches:
Dungeon (1/1)

Altars:
Ashenzari
Cheibriados
Dithmenos
Elyvilon
Fedhas
Gozag
Kikubaaqudgha
Makhleb
Nemelex Xobeh
Okawaru
Qazlal
Ru
Sif Muna
Trog
Vehumet
Xom
Yredelemnul
Zin
The Shining One
Beogh
Jiyva
Lugonu

Annotations:
D Menkaure


Innate Abilities, Weirdness & Mutations

You are tiny and cannot use many weapons and most armour.
You have supernaturally acute eyesight.
You are a herbivore.
You cover ground extremely quickly.
You need consume almost no food.


Message History

Confirm with . or Enter, or press ? or * to list all spells.
Aiming: Ensorcelled Hibernation
Press: ? - help, Shift-Dir - straight line, f - death yak, p - wolf
Aim: a death yak (black smoke, heavily wounded, umbra, chance to defeat MR: 10%)
The death yak resists with almost no effort.
Your shadow mimicks your spell!
The death yak resists with almost no effort.
The death yak completely misses you.
The freed slave misses the wolf.
The kobold demonologist mumbles some strange words.
Unknown command.
Unknown command.
Casting: Ensorcelled Hibernation
Confirm with . or Enter, or press ? or * to list all spells.
Aiming: Confuse
Press: ? - help, Shift-Dir - straight line, f/p - death yak
Aim: a death yak (black smoke, heavily wounded, umbra, chance to defeat MR: 12%)
The death yak resists with almost no effort.
The death yak gores you!!
Ouch! That really hurt!
You die...

## ########### ## .#
#....%....# ..+ .#
##.......## #.## ##
####)..###########...### #
###..+[.)+..##..##5h.....#
###....##+##.§...##lm.p.....
.#...)##...##.§..#hhhx).....
.'...)'.....'..§)YYK5M..KKh.
)#....##...##..§@#.3K....Kmh
###....##+##.....##wh....pK.
# ###..+...+..##..##.....p.#
## ####...###########...###
.# ##.......## #.## .#
#........)# ..+ ##
########### ##


You could see a merfolk avatar, a death yak, an elephant, a kobold demonologist,
an unseen horror (invisible), a basilisk, Menkaure, 4 wolves, a quasit, a shadow
imp and a neutral freed slave.

Vanquished Creatures
  A hydra (D)
  Harold (D)
  A deep troll (D)
  An unseen horror (D)
  Pikel (D)
  A hill giant (D)
  An orc sorcerer (D)
  A griffon (D)
  A cyclops (D)
  A molten gargoyle (D)
  An orange demon (D)
  An efreet (D)
  A freezing wraith (D)
  2 hellwings (D)
  3 merfolk (D)
  Prince Ribbit (D)
  5 blink frogs (D)
  A vampire (D)
  A trapdoor spider (D)
  2 wolves (D)
  A warg (D)
  A soldier ant (D)
  A water moccasin (D)
  An orc warrior (D)
  A black bear (D)
  An eye of draining (D)
  A brain worm (D)
  A scorpion (D)
  A quasit (D)
  2 hounds (D)
  3 orc wizards (D)
  2 crimson imps (D)
  A gnoll shaman (D)
  2 hell rats (D)
  2 sheep (D)
  A mummy (D)
  2 gnolls (D)
  A white imp (D)
  3 giant eyeballs (D)
  2 oozes (D)
  An adder zombie (D)
  An adder skeleton (D)
  2 orcs (D)
  2 ball pythons (D)
  A ball python zombie (D)
  A goblin (D)
  A rat (D)
67 creatures vanquished.

Vanquished Creatures (collateral kills)
  A merfolk impaler (D)
  A merfolk (D)
  A sheep (D)
  A gnoll (D)
4 creatures vanquished.

Vanquished Creatures (others)
  3 slaves (D)
  2 kobolds (D)
5 creatures vanquished.

Grand Total: 76 creatures vanquished

Notes
Turn   | Place    | Note
--------------------------------------------------------------
     0 | D        | Kidiri the Spriggan Enchanter began the quest for the Orb.
     0 | D        | Reached XP level 1. HP: 9/9 MP: 5/5
    13 | D        | Reached skill level 5 in Stealth
    22 | D        | Found a sacrificial altar of Ru.
    22 | D        | Found a basalt altar of Yredelemnul.
    22 | D        | Found a shadowy altar of Dithmenos.
    22 | D        | Found a deep blue altar of Sif Muna.
    22 | D        | Found a burning altar of Makhleb.
    22 | D        | Found a shimmering altar of Xom.
    22 | D        | Found an ancient bone altar of Kikubaaqudgha.
    22 | D        | Found a sparkling altar of Nemelex Xobeh.
    23 | D        | Found a glowing golden altar of the Shining One.
    23 | D        | Found a bloodstained altar of Trog.
    23 | D        | Found a shattered altar of Ashenzari.
    23 | D        | Found a white marble altar of Elyvilon.
    23 | D        | Found a snail-covered altar of Cheibriados.
    23 | D        | Found a blossoming altar of Fedhas.
    23 | D        | Found a radiant altar of Vehumet.
    23 | D        | Found a glowing silver altar of Zin.
    23 | D        | Found a corrupted altar of Lugonu.
    23 | D        | Found a viscous altar of Jiyva.
    23 | D        | Found a roughly hewn altar of Beogh.
    23 | D        | Found an iron altar of Okawaru.
    26 | D        | Became a worshipper of Dithmenos the Shadowed
    30 | D        | Found a stormy altar of Qazlal.
    30 | D        | Found an opulent altar of Gozag.
    75 | D        | Reached XP level 2. HP: 13/13 MP: 5/7
    79 | D        | Learned a level 2 spell: Ensorcelled Hibernation
    99 | D        | Reached skill level 1 in Invocations
   119 | D        | Acquired Dithmenos's first power
   138 | D        | Reached skill level 5 in Dodging
   138 | D        | Reached skill level 6 in Stealth
   138 | D        | Reached XP level 3. HP: 16/16 MP: 0/9
   143 | D        | Learned a level 3 spell: Confuse
   147 | D        | Learned a level 3 spell: Tukima's Dance
   271 | D        | Noticed a scorpion
   272 | D        | Noticed a quasit
   272 | D        | Noticed a crimson imp
   272 | D        | Noticed a warg
   273 | D        | Noticed Prince Ribbit
   273 | D        | Noticed a black bear
   293 | D        | Killed a black bear
   293 | D        | Acquired Dithmenos's second power
   293 | D        | Reached skill level 7 in Dodging
   293 | D        | Reached skill level 8 in Stealth
   293 | D        | Reached skill level 5 in Spellcasting
   293 | D        | Reached skill level 5 in Hexes
   293 | D        | Reached skill level 1 in Ice Magic
   293 | D        | Reached XP level 4. HP: 21/21 MP: 1/12
   403 | D        | Killed a crimson imp
   403 | D        | Reached XP level 5. HP: 17/24 MP: 1/14
   410 | D        | Learned a level 3 spell: Dazzling Spray
   518 | D        | Killed Prince Ribbit
   518 | D        | Reached skill level 9 in Dodging
   518 | D        | Reached skill level 10 in Stealth
   518 | D        | Reached skill level 1 in Conjurations
   518 | D        | Reached XP level 6. HP: 28/28 MP: 5/17
   610 | D        | Killed a warg
   613 | D        | Killed a scorpion
   613 | D        | Reached skill level 10 in Dodging
   734 | D        | Killed a quasit
   734 | D        | Acquired Dithmenos's third power
   734 | D        | Reached skill level 5 in Short Blades
   734 | D        | Reached skill level 11 in Stealth
   734 | D        | Reached XP level 7. HP: 32/32 MP: 14/19
   742 | D        | Noticed a brain worm
   744 | D        | Killed a brain worm
   747 | D        | Noticed a wolf
   748 | D        | Killed a wolf
   751 | D        | Noticed a hound
   751 | D        | Noticed a crimson imp
   751 | D        | Noticed a water moccasin
   753 | D        | Killed a water moccasin
   753 | D        | Reached skill level 5 in Invocations
   759 | D        | Killed a hound
   759 | D        | Reached skill level 12 in Stealth
   765 | D        | Killed a crimson imp
   814 | D        | Noticed a gnoll shaman
   814 | D        | Noticed a cyclops
   814 | D        | Noticed a deep troll
   816 | D        | Killed a cyclops
   816 | D        | Reached skill level 10 in Spellcasting
   816 | D        | Reached XP level 8. HP: 36/36 MP: 17/23
   867 | D        | Acquired Dithmenos's fourth power
   875 | D        | Killed a deep troll
   875 | D        | Reached skill level 13 in Stealth
   925 | D        | Killed a gnoll shaman
  1145 | D        | Noticed an orc warrior
  1145 | D        | Noticed an orc wizard
  1145 | D        | Noticed an orc wizard
  1145 | D        | Noticed an orc wizard
  1145 | D        | Noticed a hell rat
  1145 | D        | Noticed Harold
  1147 | D        | Killed Harold
  1147 | D        | Reached skill level 14 in Stealth
  1147 | D        | Reached skill level 5 in Ice Magic
  1147 | D        | Reached XP level 9. HP: 39/39 MP: 19/25
  1150 | D        | Killed an orc wizard
  1151 | D        | Killed an orc wizard
  1152 | D        | Noticed an orc sorcerer
  1152 | D        | Noticed an unseen horror
  1152 | D        | Noticed a hellwing
  1153 | D        | Killed an orc sorcerer
  1155 | D        | Killed an unseen horror
  1155 | D        | Reached skill level 15 in Stealth
  1156 | D        | Noticed a vampire
  1157 | D        | Killed an orc wizard
  1165 | D        | Killed an orc warrior
  1456 | D        | Killed a hell rat
  1464 | D        | Killed a vampire
  1464 | D        | Reached XP level 10. HP: 44/44 MP: 19/27
  1508 | D        | Noticed a soldier ant
  1541 | D        | Noticed a hell rat
  1541 | D        | Noticed a hill giant
  1541 | D        | Noticed a merfolk
  1542 | D        | Killed a soldier ant
  1543 | D        | Noticed an eye of draining
  1543 | D        | Noticed a five-headed hydra
  1543 | D        | Noticed a hellwing
  1544 | D        | Killed a hell rat
  1546 | D        | Noticed a merfolk
  1546 | D        | Noticed a merfolk
  1546 | D        | Noticed a freezing wraith
  1547 | D        | Killed a five-headed hydra
  1547 | D        | Reached skill level 16 in Stealth
  1547 | D        | Reached skill level 5 in Conjurations
  1548 | D        | Killed an eye of draining
  1550 | D        | Noticed a merfolk
  1550 | D        | Noticed an orange demon
  1551 | D        | Killed a hill giant
  1551 | D        | Reached skill level 15 in Dodging
  1553 | D        | Noticed a merfolk impaler
  1554 | D        | Noticed a griffon
  1560 | D        | Killed a merfolk
  1567 | D        | Killed a freezing wraith
  1567 | D        | Reached skill level 10 in Hexes
  1568 | D        | Noticed a hound
  1571 | D        | Noticed a trapdoor spider
  1575 | D        | Killed a trapdoor spider
  1577 | D        | Noticed a blink frog
  1579 | D        | Noticed Menkaure
  1579 | D        | Noticed a blink frog
  1579 | D        | Noticed a blink frog
  1581 | D        | Noticed a blink frog
  1584 | D        | Killed a merfolk impaler
  1588 | D        | Killed a blink frog
  1590 | D        | Noticed a blink frog
  1591 | D        | Killed a blink frog
  1693 | D        | Killed a merfolk
  1870 | D        | Killed a hellwing
  1870 | D        | Reached skill level 17 in Stealth
  1877 | D        | Killed a hellwing
  1905 | D        | Killed a hound
  1977 | D        | Killed a blink frog
  1978 | D        | Killed a blink frog
  1986 | D        | Killed a merfolk
  1986 | D        | Reached XP level 11. HP: 47/47 MP: 12/29
  2080 | D        | Killed a blink frog
  2088 | D        | Noticed a basilisk
  2093 | D        | Noticed an efreet
  2094 | D        | Killed an orange demon
  2102 | D        | Killed a merfolk
  2128 | D        | Killed an efreet
  2145 | D        | Killed a griffon
  2182 | D        | Noticed a slave
  2184 | D        | Noticed a death yak
  2184 | D        | Noticed a wolf
  2184 | D        | Noticed a wolf
  2184 | D        | Noticed a wolf
  2184 | D        | Noticed a wolf
  2184 | D        | Noticed a wolf
  2184 | D        | Noticed a hound
  2184 | D        | Noticed a merfolk avatar
  2184 | D        | Noticed Pikel
  2184 | D        | Noticed a slave
  2184 | D        | Noticed a slave
  2184 | D        | Noticed a slave
  2184 | D        | Noticed a kobold demonologist
  2184 | D        | Noticed a big kobold
  2184 | D        | Noticed an elephant
  2184 | D        | Noticed a molten gargoyle
  2185 | D        | Noticed a brain worm
  2194 | D        | Noticed a wolf
  2197 | D        | Noticed an unseen horror
  2203 | D        | Killed Pikel
  2205 | D        | Killed a freed slave
  2205 | D        | Killed a freed slave
  2206 | D        | Noticed a soul eater
  2208 | D        | Killed a freed slave
  2210 | D        | Killed a molten gargoyle
  2215 | D        | Killed a wolf
  2218 | D        | Slain by a death yak

Vault maps used:
D:        pitsprint

Action                   |  1- 3 |  4- 6 |  7- 9 | 10-12 || total
-------------------------+-------+-------+-------+-------++-------
Melee: Dagger            |    25 |    21 |    33 |    57 ||   136
 Cast: Ensorcelled Hiber |     5 |     9 |    15 |    25 ||    54
       Corona            |     2 |     2 |       |       ||     4
       Confuse           |       |     4 |     2 |    11 ||    17
       Dazzling Spray    |       |     1 |     5 |    10 ||    16
       Tukima's Dance    |       |       |     2 |     3 ||     5
Invok: Shadow Step       |       |     1 |     3 |     7 ||    11
  Use: Potion            |       |       |       |     2 ||     2
 Stab: Sleeping          |     9 |     3 |    15 |    17 ||    44
       Distracted        |       |       |     1 |       ||     1
       Confused          |       |       |     1 |     5 ||     6
       Invisible         |       |       |       |     3 ||     3
